 Dungeon Crawl Stone Soup version 0.22-a0-441-gcf5b0c6 (webtiles) character file.

1017 emperorscorpion the Conjurer (level 8, -6/44 HPs)
             Began as a Deep Elf Conjurer on May 30, 2018.
             Killed by divine providence
             ... invoked by an orc priest
              (9 damage)
             ... on level 5 of the Dungeon.
             The game lasted 00:11:56 (5964 turns).

emperorscorpion the Conjurer (Deep Elf Conjurer)    Turns: 5964, Time: 00:11:57

Health: -6/44      AC:  5    Str:  2 (5)  XL:     8   Next: 1%
Magic:  6/18       EV: 14    Int: 22 (23) God:
Gold:   171        SH:  0    Dex: 15      Spells: 10/18 levels left

rFire    . . .     SeeInvis .   a - +5 dagger (drain)
rCold    . . .     Gourm    .   (no shield)
rNeg     . . .     Faith    .   n - +1 robe
rPois    .         Spirit   .   (no helmet)
rElec    .         Reflect  .   s - +0 cloak
rCorr    .         Harm     .   x - +0 pair of gloves
MR       +....                  (no boots)
Stlth    +++.......             (no amulet)
HPRegen  0.14/turn              v - ring of protection from magic
MPRegen  0.16/turn              (no ring)

@: no status effects
A: no striking features
a: no special abilities


You were on level 5 of the Dungeon.
You were not hungry.

You visited 1 branch of the dungeon, and saw 6 of its levels.

You collected 171 gold pieces.

Inventory:

Hand Weapons
 a - a +5 dagger of draining (weapon)
Missiles
 d - 129 stones (quivered)
 g - 26 arrows
 l - 101 sling bullets
 m - 26 bolts
 o - 36 poisoned needles
Armour
 b - a +0 robe
 j - a +0 robe
 n - a +1 robe (worn)
 s - a +0 cloak (worn)
 x - a +0 pair of gloves (worn)
Jewellery
 v - a ring of protection from magic (left hand)
Wands
 t - a wand of clouds (4)
Scrolls
 e - 2 scrolls of remove curse
 f - a scroll of immolation
 k - a scroll of amnesia
 r - a scroll of magic mapping
 w - 2 scrolls of identify
 y - a scroll of enchant weapon
Potions
 h - 3 potions of magic
 i - a potion of flight
 q - a potion of brilliance
 u - a potion of ambrosia
Comestibles
 c - 10 rations


   Skills:
 + Level 2.2 Fighting
 + Level 2.6 Short Blades
 + Level 4.1 Dodging
 + Level 4.9 Stealth
 + Level 5.7 Spellcasting
 + Level 7.6 Conjurations
 + Level 0.9 Hexes


You had 10 spell levels left.
You knew the following spells:

 Your Spells              Type           Power        Failure   Level  Hunger
a - Magic Dart            Conj           ####         1%          1    None
b - Dazzling Spray        Conj/Hex       ####..       4%          3    ##.....
c - Iskenderun's Mystic   Conj           #####...     4%          4    ####...

Your spell library contained the following spells:

 Spells                   Type           Power        Failure   Level  Hunger
 Fulminant Prism          Conj/Hex       ####......   16%         4    ####...
 Force Lance              Conj/Tloc      ###.....     19%         4    ####...
 Searing Ray              Conj           #####.       1%          2    None


Dungeon Overview and Level Annotations

Branches:
Dungeon (6/15)
 Temple: D:4-7

Altars:

Annotations:
D:4 Edmund


Message History

Something hits you but does no damage.
The orc priest mumbles some strange prayers to Beogh against you.
You easily resist.
The orc closely misses you.
You closely miss the orc priest.
The orc priest is severely wounded.
The orc hits you with a dagger.
You hear some strange, mumbled words.
A puff of flame appears from out of thin air!
The puff of flame hits you!
* * * LOW HITPOINT WARNING * * *
The orc priest invokes the aid of Beogh against you.
Beogh smites you!
* * * LOW HITPOINT WARNING * * *
You feel better. The orc hits you with a hand axe!
* * * LOW HITPOINT WARNING * * *
The orc closely misses you. Something hits you.
* * * LOW HITPOINT WARNING * * *
The orc priest calls down the wrath of Beogh upon you.
Beogh smites you!
You die...

...# ...§............ #.## ....
...........).... ......
................ ..###.......
..##...#........ #........$.## #
............#. ##.....#..(..##
........>....##
##........(....##.............##
#.............o.########......##
#...........§§o@# #########
#..........§...o# #
#.......).§.§...# #
#.....)...§§....#
##.............##
##.....#.....## #############


You could see an orc priest and 2 orcs.

Vanquished Creatures
  Duvessa (D:4)
  An ogre (D:4)
  Dowan (D:4)
  3 scorpions
  2 crimson imps
  A bullfrog zombie (D:6)
  2 hounds
  An orc wizard (D:6)
  A bullfrog skeleton (D:4)
  An orc priest (D:5)
  Crazy Yiuf (D:4)
  A centaur skeleton (D:4)
  An iguana (D:4)
  2 worker ants (D:6)
  3 hound skeletons (D:4)
  3 gnolls
  9 adders
  2 oozes (D:1)
  2 worms
  3 dart slugs
  3 leopard geckos
  8 orcs
  A giant cockroach (D:3)
  6 goblins
  12 hobgoblins
  4 jackals (D:6)
  A quokka (D:6)
  A ball python (D:3)
  4 bats
  3 frilled lizards
  9 kobolds
  A quokka zombie (D:6)
  4 rats
98 creatures vanquished.

Notes
Turn   | Place    | Note
-------+----------+-------------------------------------------
     0 | D:1      | emperorscorpion the Deep Elf Conjurer began the quest for the Orb.
     0 | D:1      | Reached XP level 1. HP: 10/10 MP: 6/6
   118 | D:1      | Reached XP level 2. HP: 15/15 MP: 5/8
   181 | D:1      | Reached skill level 5 in Conjurations
   575 | D:1      | Reached XP level 3. HP: 19/19 MP: 4/9
   904 | D:2      | Learned a level 3 spell: Dazzling Spray
  1032 | D:2      | Reached XP level 4. HP: 24/24 MP: 6/10
  1221 | D:2      | Found a faded altar of an unknown god.
  1350 | D:2      | Reached skill level 6 in Conjurations
  1459 | D:2      | Learned a level 4 spell: Iskenderun's Mystic Blast
  1695 | D:2      | Reached XP level 5. HP: 28/28 MP: 7/12
  3246 | D:4      | Noticed Edmund
  3263 | D:4      | Reached skill level 1 in Fighting
  3291 | D:3      | You fall through a shaft for 3 floors!
  3597 | D:6      | Reached XP level 6. HP: 34/34 MP: 14/14
  3735 | D:6      | Reached skill level 1 in Short Blades
  4216 | D:5      | Entered Level 5 of the Dungeon
  4486 | D:4      | Reached skill level 7 in Conjurations
  4486 | D:4      | Reached XP level 7. HP: 38/38 MP: 3/16
  4602 | D:4      | Reached skill level 5 in Spellcasting
  4952 | D:4      | Noticed Duvessa
  4952 | D:4      | Noticed Dowan
  4972 | D:4      | Killed Duvessa
  4974 | D:4      | Killed Dowan
  5269 | D:4      | Found a runed door.
  5273 | D:4      | Noticed Crazy Yiuf
  5274 | D:4      | Killed Crazy Yiuf
  5945 | D:5      | Reached XP level 8. HP: 26/44 MP: 3/18
  5964 | D:5      | Killed from afar by an orc priest

Vault maps used:
D:1:      dpeg_arrival_rooms_b, minmay_misc_feat_rows
D:2:      chequers_ecumenical_altar_simple
D:3:      first_ration, columned_hall_lemuel
D:4:      gup_sewer_entry_bowl, uniq_edmund, uniq_duvessa,
          uniq_crazy_yiuf_cottage
D:5:      grunt_temple_overflow_cloverleaf, makhleb_blood_cavern_becter
D:6:      minmay_temple_entry_enclosed_plants, kennysheep_path_1

Skill      XL: |  1  2  3  4  5  6  7 |
---------------+----------------------+-----
Conjurations   | 5 6 7 |  7.6
Stealth        | 3 4 |  4.9
Fighting       | 1 2 |  2.2
Spellcasting   | 4 5 |  5.7
Short Blades   | 1 2 |  2.6
Dodging        | 3 4 |  4.1
Hexes          | |  0.9

Action                   |  1- 3 |  4- 6 |  7- 9 || total
-------------------------+-------+-------+-------++-------
Melee: Dagger            |     4 |    78 |    49 ||   131
Throw: Stone             |       |       |     2 ||     2
 Cast: Magic Dart        |    44 |    41 |     3 ||    88
       Dazzling Spray    |     1 |     5 |     8 ||    14
       Iskenderun's Myst |       |    30 |    24 ||    54
Evoke: Wand              |       |       |     1 ||     1
  Use: Scroll            |     3 |     8 |     1 ||    12
       Potion            |       |       |     7 ||     7
 Stab: Sleeping          |       |     3 |       ||     3
       Invisible         |       |       |     3 ||     3
  Eat: Chunk             |       |    17 |     6 ||    23
       Ration            |       |       |     1 ||     1
Armor: Robe              |     1 |    13 |     8 ||    22
       Skin              |       |       |     6 ||     6
Dodge: Dodged            |     3 |    53 |    33 ||    89

Table legend:
 A = Spawn XP
 B = Non-spawn XP
 C = Spawn XP percentage of total XP
 D = Spawn monster count
 E = Non-spawn monster count
 F = Spawn count percentage of total count
 G = Total turns spent on level
                    A         B        C        D         E        F      G
               +---------+---------+-------+---------+---------+-------+---------
         Total |       0 |    1453 |   0.0 |       0 |      98 |   0.0 |  5964
               +---------+---------+-------+---------+---------+-------+---------
           D:1 |       0 |      62 |   0.0 |       0 |      21 |   0.0 |   883
           D:2 |       0 |     157 |   0.0 |       0 |      17 |   0.0 |  1112
           D:3 |       0 |      77 |   0.0 |       0 |      22 |   0.0 |  1493
           D:4 |       0 |     808 |   0.0 |       0 |      17 |   0.0 |  1316
           D:5 |       0 |      93 |   0.0 |       0 |       5 |   0.0 |   235
           D:6 |       0 |     256 |   0.0 |       0 |      16 |   0.0 |   925
               +---------+---------+-------+---------+---------+-------+---------
